 Dungeon Sprint DCSS version 0.17-a0-1570-g74b7129 (webtiles) character file.

22442 tt080 the Wrestler (level 12, -4/120 HPs)
             Began as a Troll Necromancer on July 23, 2015.
             Was the Champion of Cheibriados.
             Slain by a merfolk impaler
             ... wielding a +0 trident
              (24 damage)
             ... in the Dungeon (Sprint IX: "|||||||||||||||||||||||||||||").
             The game lasted 00:13:16 (1206 turns).

tt080 the Wrestler (Troll Necromancer)              Turns: 1206, Time: 00:13:16

Health: -4/120     AC: 15    Str: 34    XL:     12   Next: 63%
Magic:  20/20      EV: 19    Int: 31    God:    Cheibriados [******]
Gold:   459        SH:  0    Dex: 29    Spells: 5 memorised, 8 levels left

rFire  . . .     SeeInvis .       - Unarmed
rCold  + + .     Clarity  .     Q - +1 ice dragon armour
rNeg   . . .     SustAt   .     (no shield)
rPois  .         Gourm    +     R - +0 hat {Int+3}
rElec  .         Spirit   .     P - +1 cloak
rCorr  .         Warding  .     (gloves unavailable)
rMut   .         NoTele   +     (boots unavailable)
MR     .....                    (no amulet)
Stlth  +.........               s - +2 ring of evasion
                                K - ring of protection from fire

@: lethally poisoned (-4 -> -37), studying Short Blades, very slow, not
resistant to hostile enchantments, very unstealthy
A: unfitting armour, claws 3, clever 1, fast metabolism 3, gourmand,
regeneration 2, shaggy fur 1, tough skin 2
a: Bend Time, Temporal Distortion, Slouch, Step From Time, Renounce Religion


You were in the Dungeon.
You worshipped Cheibriados.
Cheibriados was exalted by your worship.
You were not hungry.

You visited 1 branch You collected 1932 gold pieces.
You spent 1473 gold pieces at shops.

Inventory:

Hand weapons
 o - a +2 dire flail of protection
 G - a +0 giant club
 M - a +1 demon whip of pain
 N - the +7 long sword of Ecvan {freeze, rF+ rN++ Stlth-}
   (You found it in the Dungeon)

   It has been specially enchanted to freeze those struck by it, causing extra
   injury to most foes and up to half again as much damage against particularly
   susceptible opponents.
   It can also slow down cold-blooded creatures.
   It protects you from fire.
   It greatly protects you from negative energy.
   It makes you less stealthy.
 O - a +1 giant spiked club
Armour
 a - a +0 robe
 p - a +2 cloak
 q - a +0 pair of gloves
 w - a +2 hat
 P - a +1 cloak (worn)
 Q - a +1 ice dragon armour (worn)
 R - a +0 hat of intelligence (worn)
Magical staves
 n - an uncursed staff of energy
Jewellery
 r - a +3 ring of strength
 s - a +2 ring of evasion (right claw)
 I - an uncursed ring of protection from cold
 J - an uncursed ring of protection from cold
 K - a ring of protection from fire (left claw)
 L - an uncursed ring of ice
Magical devices
 m - a wand of fire (0)
 F - a wand of fireball (7)
Scrolls
 i - 3 scrolls of blinking
 k - 3 scrolls of remove curse
 l - 2 scrolls of amnesia
 x - a scroll of fear
 y - 5 scrolls of enchant armour
 z - a scroll of recharging
 B - a scroll of fog
Potions
 d - 8 potions of curing
 e - 5 potions of heal wounds
 f - 3 potions of haste
 g - 4 potions of magic
 h - 2 potions of berserk rage
 j - a potion of invisibility
 u - a potion of might
 A - 2 potions of brilliance
 E - a potion of flight {unknown}
Books
 b - a book of Necromancy

   Spells                             Type                      Level
   a - Pain                           Necromancy                   1
   b - Animate Skeleton               Necromancy                   1
   c - Vampiric Draining              Necromancy                   3
   d - Regeneration                   Charms/Necromancy            3
   e - Animate Dead                   Necromancy                   4
   f - Control Undead                 Necromancy                   4
 t - a book of Unlife

   Spells                             Type                      Level
   a - Recall                         Summoning/Translocation      3
   b - Animate Dead                   Necromancy                   4
   c - Control Undead                 Necromancy                   4
   d - Cigotuvi's Embrace             Necromancy                   5
   e - Death Channel                  Necromancy                   6
   f - Simulacrum                     Ice/Necromancy               6
 v - a manual of Short Blades
 H - a book of Transfigurations

   Spells                             Type                      Level
   a - Stoneskin                      Transmutation/Earth          2
   b - Irradiate                      Conjuration/Transmutation    5
   c - Statue Form                    Transmutation/Earth          6
   d - Hydra Form                     Transmutation                6
   e - Dragon Form                    Transmutation                7
Comestibles
 c - 14 bread rations
 C - 40 fruits
 D - 12 meat rations


   Skills:
 - Level 8.3 Fighting
 + Level 1.6 Armour
 - Level 8.6 Dodging
 - Level 1.1 Stealth
 - Level 21.5 Unarmed Combat
 + Level 6.1 Spellcasting
 - Level 6.7 Necromancy
 + Level 6.3 Transmutations
 * Level 10.7 Earth Magic
 - Level 5.7 Invocations


You had 8 spell levels left.
You knew the following spells:

 Your Spells              Type           Power        Failure   Level  Hunger
a - Pain                  Necr           ####         1%          1    None
b - Vampiric Draining     Necr           ######....   1%          3    None
c - Regeneration          Chrm/Necr      ####......   12%         3    None
d - Statue Form           Trmt/Erth      ######...    52%         6    ######.
e - Stoneskin             Trmt/Erth      ######..     1%          2    None


Dungeon Overview and Level Annotations

Branches:
Dungeon (1/1)

Altars:
Cheibriados
Dithmenos
Elyvilon
Fedhas
Gozag
Kikubaaqudgha
Makhleb
Nemelex Xobeh
Okawaru
Qazlal
Ru
Sif Muna
Trog
Vehumet
Xom
Yredelemnul
Zin
The Shining One
Beogh
Jiyva
Lugonu

Shops:
D *:*:


Innate Abilities, Weirdness & Mutations

You are too large for most types of armour.
You have claws for hands.
Your metabolism is lightning-fast.
You like to eat raw meat.
You heal very quickly.
You are covered in fur (AC +1).
You have very tough skin (AC +2).
Your mind is acute. (Int +2)


Message History

You are more poisoned.
The merfolk impaler barely misses you.
The merfolk impaler hits you but does no damage.
You are more poisoned.
The merfolk impaler barely misses you. The merfolk impaler closely misses you.
The merfolk impaler hits you but does no damage.
You see here a snapping turtle corpse.
You closely miss the merfolk impaler.
You feel sick.
The merfolk impaler completely misses you.
The merfolk impaler hits you with a trident.
* * * LOW HITPOINT WARNING * * *
Unknown command.
Evoke which item? (* to show all) (? for menu, Esc to quit)
Okay, then.
* * * LOW HITPOINT WARNING * * *
You feel extremely sick.
The merfolk impaler hits you from afar with a trident!
* * * LOW HITPOINT WARNING * * *
The merfolk impaler hits you from afar with a trident!!
You die...

▓▓▓▓▓▓▓▓▓▓▓▓▓▓▓▓▓▓▓▓▓▓▓▓▓
+...Cmm†@)'..............
▓▓▓▓▓▓▓▓▓▓▓▓▓▓▓▓▓▓▓▓▓▓▓▓▓▓▓▓▓▓▓▓▓
.................................
▓▓▓▓▓▓▓▓▓▓▓▓▓▓▓▓▓▓▓▓▓▓▓▓▓▓▓▓▓▓▓▓▓
...))[[[.[.)))))........'........
▓▓▓▓▓▓▓▓▓▓▓▓▓▓▓▓▓▓▓▓▓▓▓▓▓▓▓▓▓▓▓▓▓
.................................
▓▓▓▓▓▓▓▓▓▓▓▓▓▓▓▓▓▓▓▓▓▓▓▓▓▓▓▓▓▓▓▓▓
.))))))....))))))[))'............


You could see 2 merfolk impalers and a cyclops.

Vanquished Creatures
  Gastronok (D)
  A stone giant (D)
  A fire dragon (D)
  A great orb of eyes (D)
  Harold (D)
  A centaur warrior (D)
  Erolcha (D)
  An orc high priest (D)
  A hill giant (D)
  A harpy (D)
  2 sea snakes (D)
  2 flayed ghosts (D)
  2 orc knights (D)
  10 orc sorcerers (D)
  A manticore (D)
  A cyclops (D)
  A black mamba (shapeshifter) (D)
  3 spiny frogs (D)
  2 tengu conjurers (D)
  A merfolk (D)
  A giant leech (D)
  2 blink frogs (D)
  A snapping turtle (D)
  A water elemental (D)
  3 yaks (D)
  A wyvern (D)
  3 vampire mosquitoes (D)
  Grum (D)
  A steam dragon (D)
  A water moccasin (D)
  4 wolves (D)
  12 orc warriors (D)
  5 porcupines (D)
  An ogre (D)
  A sky beast (D)
  5 crocodiles (D)
  2 giant frogs (D)
  A killer bee (D)
  A wight (D)
  5 orc priests (D)
  A hound (D)
  5 orc wizards (D)
  A worker ant (D)
  2 adders (D)
  3 river rats (D)
  An ooze (D)
  An adder zombie (D)
  6 orcs (D)
  A bat (D)
  A bat zombie (D)
  2 goblins (D)
  A jackal (D)
  2 kobolds (D)
  A quokka skeleton (D)
115 creatures vanquished.

Notes
Turn   | Place    | Note
--------------------------------------------------------------
     0 | D        | tt080 the Troll Necromancer began the quest for the Orb.
     0 | D        | Reached XP level 1. HP: 16/16 MP: 1/1
     6 | D        | Reached skill level 1 in Unarmed Combat
    33 | D        | Reached XP level 2. HP: 18/24 MP: 2/2
    39 | D        | Noticed a hound
    42 | D        | Reached skill level 4 in Unarmed Combat
    47 | D        | Killed a hound
    47 | D        | Reached skill level 6 in Unarmed Combat
    47 | D        | Reached XP level 3. HP: 28/31 MP: 3/3
    65 | D        | Found a glowing silver altar of Zin.
    65 | D        | Found a glowing golden altar of the Shining One.
    65 | D        | Found an ancient bone altar of Kikubaaqudgha.
    65 | D        | Found a basalt altar of Yredelemnul.
    65 | D        | Found a shimmering altar of Xom.
    65 | D        | Found a radiant altar of Vehumet.
    66 | D        | Found an iron altar of Okawaru.
    67 | D        | Found a burning altar of Makhleb.
    68 | D        | Found a deep blue altar of Sif Muna.
    69 | D        | Found a bloodstained altar of Trog.
    70 | D        | Found a sparkling altar of Nemelex Xobeh.
    71 | D        | Found a white marble altar of Elyvilon.
    72 | D        | Found a roughly hewn altar of Beogh.
    73 | D        | Found a viscous altar of Jiyva.
    74 | D        | Found a corrupted altar of Lugonu.
    75 | D        | Found a blossoming altar of Fedhas.
    76 | D        | Found a snail-covered altar of Cheibriados.
    77 | D        | Found a shadowy altar of Dithmenos.
    78 | D        | Found a stormy altar of Qazlal.
    79 | D        | Found an opulent altar of Gozag.
    80 | D        | Found a sacrificial altar of Ru.
    84 | D        | Became a worshipper of Cheibriados the Contemplative
   116 | D        | Noticed a killer bee
   116 | D        | Noticed a yak
   116 | D        | Noticed a steam dragon
   116 | D        | Noticed an orc warrior
   117 | D        | Reached skill level 7 in Unarmed Combat
   118 | D        | Killed a steam dragon
   118 | D        | Acquired Cheibriados's first power
   118 | D        | Reached skill level 10 in Unarmed Combat
   118 | D        | Reached XP level 4. HP: 39/39 MP: 4/4
   118 | D        | Reached XP level 5. HP: 45/45 MP: 5/5
   127 | D        | Killed an orc warrior
   127 | D        | Reached skill level 12 in Unarmed Combat
   127 | D        | Reached XP level 6. HP: 30/53 MP: 6/6
   128 | D        | Killed a yak
   128 | D        | Reached skill level 13 in Unarmed Combat
   133 | D        | Killed a killer bee
   133 | D        | Reached skill level 14 in Unarmed Combat
   147 | D        | Learned a level 3 spell: Vampiric Draining
   151 | D        | Learned a level 3 spell: Regeneration
   153 | D        | Noticed an ogre
   153 | D        | Noticed a centaur warrior
   153 | D        | Noticed a yak
   153 | D        | Noticed a worker ant
   153 | D        | Noticed a sky beast
   153 | D        | Noticed a cyclops
   154 | D        | Killed a worker ant
   155 | D        | Killed a sky beast
   155 | D        | Acquired Cheibriados's second power
   155 | D        | Reached XP level 7. HP: 55/59 MP: 0/7
   157 | D        | Killed a cyclops
   157 | D        | Reached skill level 16 in Unarmed Combat
   159 | D        | Killed a yak
   159 | D        | Reached XP level 8. HP: 48/67 MP: 0/8
   163 | D        | Killed a centaur warrior
   163 | D        | Acquired Cheibriados's third power
   163 | D        | Reached skill level 18 in Unarmed Combat
   166 | D        | Killed an ogre
   314 | D        | Noticed a crocodile
   314 | D        | Noticed a water moccasin
   314 | D        | Noticed a crocodile
   314 | D        | Noticed a spiny frog
   314 | D        | Noticed a porcupine
   315 | D        | Noticed a crocodile
   316 | D        | Killed a porcupine
   316 | D        | Acquired Cheibriados's fourth power
   319 | D        | Killed a spiny frog
   319 | D        | Reached skill level 1 in Fighting
   319 | D        | Reached skill level 1 in Invocations
   319 | D        | Reached XP level 9. HP: 73/76 MP: 8/10
   327 | D        | Killed a crocodile
   329 | D        | Killed a water moccasin
   331 | D        | Killed a crocodile
   332 | D        | Noticed a crocodile
   335 | D        | Killed a crocodile
   336 | D        | Noticed a porcupine
   343 | D        | Killed a crocodile
   346 | D        | Killed a porcupine
   356 | D        | Noticed a crocodile
   356 | D        | Noticed a porcupine
   356 | D        | Noticed a giant frog
   356 | D        | Noticed a porcupine
   356 | D        | Noticed a yak
   357 | D        | Noticed a porcupine
   358 | D        | Killed a yak
   362 | D        | Killed a porcupine
   364 | D        | Killed a giant frog
   365 | D        | Killed a porcupine
   370 | D        | Killed a crocodile
   371 | D        | Noticed a blink frog
   372 | D        | Killed a porcupine
   375 | D        | Reached skill level 19 in Unarmed Combat
   381 | D        | Killed a blink frog
   392 | D        | Noticed a giant frog
   392 | D        | Noticed a vampire mosquito
   392 | D        | Noticed a spiny frog
   392 | D        | Noticed a vampire mosquito
   392 | D        | Noticed a vampire mosquito
   392 | D        | Noticed a giant leech
   394 | D        | Noticed a blink frog
   396 | D        | Killed a giant leech
   396 | D        | Reached skill level 5 in Necromancy
   400 | D        | Killed a vampire mosquito
   401 | D        | Killed a vampire mosquito
   401 | D        | Reached XP level 10. HP: 77/92 MP: 1/13
   402 | D        | Noticed a spiny frog
   405 | D        | Killed a spiny frog
   408 | D        | Killed a vampire mosquito
   409 | D        | Killed a giant frog
   410 | D        | Killed a blink frog
   416 | D        | Killed a spiny frog
   416 | D        | Reached skill level 5 in Invocations
   455 | D        | Noticed Harold
   464 | D        | Killed Harold
   464 | D        | Reached skill level 5 in Dodging
   481 | D        | Noticed Erolcha
   488 | D        | Killed Erolcha
   488 | D        | Reached skill level 5 in Fighting
   496 | D        | Noticed a wolf
   499 | D        | Noticed Grum
   500 | D        | Noticed a wolf
   501 | D        | Noticed a wolf
   502 | D        | Noticed a wolf
   504 | D        | Killed Grum
   506 | D        | Killed a wolf
   507 | D        | Killed a wolf
   509 | D        | Killed a wolf
   510 | D        | Killed a wolf
   554 | D        | Noticed an orc warrior
   554 | D        | Noticed an orc priest
   554 | D        | Noticed an orc priest
   555 | D        | Noticed an orc warrior
   556 | D        | Killed an orc priest
   558 | D        | Killed an orc priest
   562 | D        | Noticed an orc wizard
   566 | D        | Noticed an orc warrior
   567 | D        | Noticed an orc warrior
   567 | D        | Killed an orc warrior
   571 | D        | Killed an orc warrior
   573 | D        | Noticed an orc wizard
   575 | D        | Killed an orc warrior
   575 | D        | Reached skill level 20 in Unarmed Combat
   581 | D        | Killed an orc warrior
   582 | D        | Killed an orc wizard
   584 | D        | Killed an orc wizard
   595 | D        | Noticed an orc priest
   595 | D        | Noticed an orc warrior
   595 | D        | Noticed an orc high priest
   595 | D        | Noticed an orc warrior
   595 | D        | Noticed an orc warrior
   595 | D        | Noticed an orc priest
   596 | D        | Killed an orc priest
   597 | D        | Noticed an orc knight
   599 | D        | Killed an orc warrior
   601 | D        | Killed an orc warrior
   602 | D        | Noticed a sixfirhy
   602 | D        | Noticed a sun demon
   603 | D        | Killed a sun demon
   605 | D        | Noticed an orc warrior
   607 | D        | Killed an orc high priest
   607 | D        | Reached XP level 11. HP: 67/105 MP: 1/16
   608 | D        | Noticed an orc warrior
   613 | D        | Killed an orc knight
   614 | D        | Noticed an orc warrior
   616 | D        | Killed an orc warrior
   623 | D        | Killed an orc warrior
   624 | D        | Killed an orc warrior
   625 | D        | Noticed an orc priest
   629 | D        | Killed an orc warrior
   630 | D        | Noticed an orc warrior
   630 | D        | Killed an orc priest
   633 | D        | Killed an orc priest
   636 | D        | Killed an orc warrior
   698 | D        | Found Jadanatz's Book Boutique.
   698 | D        | Noticed an orc wizard
   698 | D        | Noticed an orc sorcerer
   698 | D        | Noticed an orc sorcerer
   698 | D        | Noticed an orc sorcerer
   698 | D        | Noticed an orc sorcerer
   699 | D        | Noticed an orc sorcerer
   702 | D        | Killed an orc sorcerer
   705 | D        | Noticed an orc wizard
   705 | D        | Killed an orc sorcerer
   706 | D        | Found Qeaff's Assorted Antiques.
   709 | D        | Noticed an orc sorcerer
   711 | D        | Noticed a sun demon
   713 | D        | Killed an orc sorcerer
   714 | D        | Killed an orc sorcerer
   714 | D        | Reached skill level 21 in Unarmed Combat
   715 | D        | Killed an orc sorcerer
   717 | D        | Found Ygass's Book Boutique.
   719 | D        | Killed an orc sorcerer
   721 | D        | Killed an orc wizard
   725 | D        | Killed an orc wizard
   728 | D        | Found Wohoeg's Assorted Antiques.
   729 | D        | Noticed an orc wizard
   730 | D        | Noticed an orc sorcerer
   730 | D        | Bought a book of Unlife for 715 gold pieces
   730 | D        | Bought a book of Transfigurations for 605 gold pieces
   730 | D        | Noticed an orc sorcerer
   731 | D        | Noticed an orc sorcerer
   732 | D        | Killed an orc wizard
   733 | D        | Noticed an orc sorcerer
   736 | D        | Killed an orc sorcerer
   738 | D        | Killed an orc sorcerer
   746 | D        | Killed an orc sorcerer
   748 | D        | Killed an orc sorcerer
   762 | D        | Bought a shadowed robe for 153 gold pieces
   772 | D        | Identified the cursed -5 robe of Misfortune {-Cast *Contam *Tele EV-4 Str-2 Int-2 Dex-2 Stlth-- *Curse} (You bought it in a shop in the Dungeon)
   811 | D        | Gained mutation: Your mind is acute. (Int +2) [mutagenic glow]
   917 | D        | Got the +7 long sword of Ecvan {freeze, rF+ rN++ Stlth-}
   963 | D        | Learned a level 6 spell: Statue Form
   966 | D        | Learned a level 2 spell: Stoneskin
   986 | D        | Noticed an orc knight
   986 | D        | Noticed a hill giant
   986 | D        | Noticed a manticore
   986 | D        | Noticed a tengu conjurer
   986 | D        | Noticed a wyvern
   989 | D        | Killed a wyvern
   989 | D        | Reached skill level 1 in Earth Magic
   990 | D        | Noticed a wight
   993 | D        | Noticed a fire dragon
   993 | D        | Killed a tengu conjurer
   993 | D        | Reached skill level 1 in Transmutations
   995 | D        | Killed a manticore
   997 | D        | Noticed a flayed ghost
  1011 | D        | Killed a wight
  1013 | D        | Killed an orc knight
  1016 | D        | Killed a hill giant
  1016 | D        | Reached skill level 5 in Earth Magic
  1016 | D        | HP: 4/111 [fire dragon/blast of flame (38)]
  1021 | D        | Killed a fire dragon
  1021 | D        | Reached XP level 12. HP: 29/120 MP: 2/17
  1024 | D        | Killed a flayed ghost
  1043 | D        | Noticed a tengu conjurer
  1044 | D        | Noticed a stone giant
  1045 | D        | Noticed a flayed ghost
  1045 | D        | Noticed a great orb of eyes
  1046 | D        | Killed a tengu conjurer
  1047 | D        | Noticed a blink frog
  1048 | D        | a blink frog changed into a black mamba
  1053 | D        | Killed a stone giant
  1055 | D        | Killed a flayed ghost
  1055 | D        | Reached skill level 5 in Spellcasting
  1061 | D        | Killed a great orb of eyes
  1061 | D        | Reached skill level 5 in Transmutations
  1130 | D        | Noticed Gastronok
  1141 | D        | Killed Gastronok
  1183 | D        | Noticed a sea snake
  1183 | D        | Noticed a snapping turtle
  1183 | D        | Noticed a sea snake
  1183 | D        | Noticed a water elemental
  1183 | D        | Noticed a harpy
  1183 | D        | Noticed a merfolk
  1184 | D        | Noticed a merfolk impaler
  1188 | D        | Killed a merfolk
  1188 | D        | Reached skill level 10 in Earth Magic
  1189 | D        | Killed a harpy
  1190 | D        | Noticed a merfolk impaler
  1191 | D        | Noticed a cyclops
  1191 | D        | Killed a water elemental
  1192 | D        | Killed a sea snake
  1196 | D        | Killed a snapping turtle
  1196 | D        | Reached skill level 1 in Armour
  1203 | D        | Killed a sea snake
  1206 | D        | Slain by a merfolk impaler

Vault maps used:
D:        linesprint

Action                   |  1- 3 |  4- 6 |  7- 9 | 10-12 || total
-------------------------+-------+-------+-------+-------++-------
Melee: Unarmed           |    47 |    14 |    54 |   168 ||   283
 Cast: Regeneration      |       |     1 |     2 |     9 ||    12
       Vampiric Draining |       |       |     5 |     4 ||     9
Invok: Slouch            |       |       |       |     3 ||     3
Evoke: Wand              |     1 |     3 |     1 |     2 ||     7
  Use: Scroll            |       |       |     3 |     2 ||     5
       Potion            |       |       |     2 |     2 ||     4
 Stab: Sleeping          |       |       |     2 |       ||     2
  Eat: Chunk             |       |       |     9 |     1 ||    10
